 Dungeon Crawl Stone Soup version 0.31-a0-237-g2d982f9f85 (webtiles) character file.

Game seed: 6556539960063491059

34 qw the Shooter (level 3, -1/21 HPs)
             Began as a Gargoyle Hexslinger on July 11, 2023.
             Blown up by Ijyb (5 damage)
             ... with a mindburst bolt
             ... on level 4 of the Dungeon.
             The game lasted 00:00:27 (1151 turns).

qw the Shooter (Gargoyle Hexslinger)                Turns: 1151, Time: 00:00:27

Health: -1/21      AC: 11    Str: 11    XL:     3   Next: 31%
Magic:  4/4        EV: 11    Int: 13    God:
Gold:   117        SH:  0    Dex: 14    Spells: 3/4 levels left

rFire   . . .        Y - +1 sling
rCold   . . .        (no shield)
rNeg    + . .        d - +0 leather armour
rPois   inf          (no helmet)
rElec   +            (no cloak)
rCorr   .            h - +2 pair of gloves
SInv    .            a - +1 pair of boots
Will    .....        (no amulet)
Stlth   +            (no ring)
HPRegen 0.23/turn    (no ring)
MPRegen 0.09/turn

%: no passive effects
@: no status effects
A: sickness immunity, AC +3, negative energy resistance 1, electricity
resistance, torment resistance 1, petrification resistance
a: no special abilities


You were on level 4 of the Dungeon.
You visited 1 branch of the dungeon, and saw 3 of its levels.

You collected 117 gold pieces.


Innate Abilities, Weirdness & Mutations

You are immune to sickness and miasma.
Your stone body is resilient. (AC +3)
You are immune to poison.
You resist negative energy. (rN+)
You are resistant to electric shocks. (rElec)
You are resistant to unholy torment.
You are immune to petrification.


   Skills:
 - Level 2.0 Fighting
 + Level 3.3 Ranged Weapons
 - Level 1.5 Dodging
 - Level 1.0 Spellcasting
 - Level 2.6 Hexes


You had 3 spell levels left.
You knew the following spells:

 Your Spells              Type           Power      Damage    Failure   Level
a - Slow                  Hex            28%        N/A       12%         1

Your spell library contained the following spells:

 Spells                   Type           Power      Damage    Failure   Level
 Inner Flame              Hex/Fire       4%         N/A       54%         3
 Portal Projectile        Hex/Tloc       8%         N/A       54%         3
 Cause Fear               Hex            3%         N/A       77%         4

Inventory:

Hand Weapons
 Y - a +1 sling (weapon)
Armour
 a - a +1 pair of boots (worn)
 d - a +0 leather armour (worn)
 h - a +2 pair of gloves (worn)
Potions
 i - a potion of curing {unknown}
 j - a potion of degeneration {unknown}

Dungeon Overview and Level Annotations

Branches:
Dungeon (4/15)             Temple (0/1) D:4

Altars:

Annotations:
D:4 Ijyb


Message History

You fall into a shaft and drop 2 floors!
The shaft crumbles and collapses.
Found a staircase to the Ecumenical Temple.
Waypoint 2 assigned to D:4.
1133 ||| PLANNING TEMPLE
1133 ||| UPGRADING to +1 pair of boots.
You start putting on your armour.
You continue putting on your +1 pair of boots. x4
You finish putting on your +1 pair of boots.
(D) Dungeon (T) Temple
Where to? (* - list waypoints, Enter - D:2, ? - help)
Found 13 gold pieces.
A kobold comes into view. It is wielding a +0 short sword.
You shoot a sling bullet.
The sling bullet closely misses the kobold.
You shoot a sling bullet.
The sling bullet barely misses the kobold.
You shoot a sling bullet.
The sling bullet barely misses the kobold.
You shoot a sling bullet. The sling bullet hits the kobold.
You kill the kobold!
(D) Dungeon (T) Temple
Where to? (* - list waypoints, Enter - Temple, ? - help)
You enter the shallow water.
Moving in this stuff is going to be slow.
Ijyb the Twisted Goblin comes into view.
She is wielding a +0 dagger and carrying a wand of mindburst (12).
You see here a +0 short sword.
You shoot a sling bullet.
The sling bullet hits Ijyb but does no damage.
Ijyb shouts!
You shoot a sling bullet.
The sling bullet hits Ijyb but does no damage.
Ijyb zaps a wand.
Your mind is blasted!
Ouch! That really hurt!
You shoot a sling bullet. The sling bullet barely misses Ijyb.
Ijyb zaps a wand.
You barely resist. You shoot a sling bullet. The sling bullet hits Ijyb.
Ijyb is moderately wounded.
Ijyb zaps a wand.
Your mind is blasted!
You die...

## .....#######
...........######
###.....###.##...##
#~~~~~~~~~#.......#
#~#.....#~#.......#
.~.......~........#
.~...$...~.......##
.~...>.@.~........#
.~.......~..#####.#
.g.......~..# ##
#~#.....#~#..#
#~~~~~~~~~#..#
###.....###..#
........ ..#
......#. ##


You could see Ijyb.

Vanquished Creatures
  2 dart slugs (D:1)
  4 bats
  2 endoplasms (D:1)
  A goblin (D:2)
  A hobgoblin (D:1)
  8 jackals
  A quokka (D:1)
  2 ball pythons (D:2)
  2 frilled lizards
  4 kobolds
  A rat (D:2)
28 creatures vanquished.

Notes
Turn   | Place    | Note
-------+----------+-------------------------------------------
     0 | D:1      | qw the Gargoyle Hexslinger began the quest for the Orb.
     0 | D:1      | Reached XP level 1. HP: 12/12 MP: 2/2
     0 | D:1      | 0 ||| qw: Version: 0.3-a-52-g30416fa
     0 | D:1      | 0 ||| qw: Game counter: 5492
     0 | D:1      | 0 ||| qw: Melee chars always use a shield: true
     0 | D:1      | 0 ||| qw: God list: Okawaru
     0 | D:1      | 0 ||| qw: Allow faded altars: false
     0 | D:1      | 0 ||| qw: Do Orc after clearing Dungeon:15 true
     0 | D:1      | 0 ||| qw: Do second Lair branch before Depths: true
     0 | D:1      | 0 ||| qw: Lair rune preference: random
     0 | D:1      | 0 ||| qw: Goals: Normal
     0 | D:1      | 0 ||| PLANNING D:1-11
   121 | D:1      | Reached XP level 2. HP: 16/16 MP: 3/3
   244 | D:1      | Reached skill level 3 in Ranged Weapons
   529 | D:1      | 529 ||| FLEEEEING.
   799 | D:1      | 799 ||| UPGRADING to +0 leather armour.
   809 | D:1      | 809 ||| DROPPING +0 robe.
   810 | D:1      | 810 ||| UPGRADING to +2 pair of gloves.
   815 | D:1      | 815 ||| READING scroll labelled SEH USTRUWELE.
   816 | D:1      | 816 ||| READING scroll labelled BIAKKOO ZOATZ.
   821 | D:1      | 821 ||| READING scroll labelled IDIGOT BOILAJO.
   822 | D:1      | 822 ||| DROPPING scroll of poison.
   835 | D:2      | Reached XP level 3. HP: 21/21 MP: 4/4
   848 | D:2      | Found a faded altar of an unknown god.
  1129 | D:2      | You fall into a shaft and drop 2 floors!
  1132 | D:4      | Found a staircase to the Ecumenical Temple.
  1133 | D:4      | 1133 ||| PLANNING TEMPLE
  1133 | D:4      | 1133 ||| UPGRADING to +1 pair of boots.
  1147 | D:4      | Noticed Ijyb
  1149 | D:4      | HP: 3/21 [disintegration (18)]
  1151 | D:4      | Blown up by Ijyb

Levels and vault maps discovered:
D:1:      wander_arrival_desolate, layout_basic
D:2:      layout_basic, shapermc_ecumenical_altar_acropolis,
          minmay_misc_feat_enclosed, grunt_decor_clamped,
          small_statue_intersection
D:4:      layout_gridville, lemuel_doored_altar,
          nicolae_gozag_zags_fifth_avenue, minmay_temple_entry_water_ring,
          uniq_edmund, uniq_ijyb

Skill      XL: |  1  2  3 |
---------------+----------+-----
Ranged Weapons | 3 |  3.3
Fighting       | 2 |  2.0
Dodging        | |  1.5
Spellcasting   | |  1.0
Hexes          | |  2.6

Action                     || total
---------------------------++-------
   Fire: Sling             ||    99
    Use: Scroll            ||     3
 Armour: Robe              ||    13
         Leather armour    ||    21
  Dodge: Dodged            ||    46

Table legend:
 A = Non-vault XP
 B = Vault XP
 C = Vault XP percentage of total XP
 D = Non-vault monster count
 E = Vault monster count
 F = Vault count percentage of total count
                 A         B        C        D         E       F
            +---------+---------+-------+---------+---------+-------
      Total |      49 |       0 |   0.0 |      28 |       0 |   0.0
            +---------+---------+-------+---------+---------+-------
        D:1 |      33 |       0 |   0.0 |      17 |       0 |   0.0
        D:2 |      15 |       0 |   0.0 |      10 |       0 |   0.0
        D:4 |       1 |       0 |   0.0 |       1 |       0 |   0.0
            +---------+---------+-------+---------+---------+-------
